 Dungeon Crawl Stone Soup version 0.20.1-1-g8b1a95d (webtiles) character file.

42 vatarom the Sneak (level 3, -1/19 HPs)
             Began as a Vine Stalker Assassin on Sept 15, 2017.
             Succumbed to a kobold's poison
             ... on level 2 of the Dungeon.
             The game lasted 00:03:21 (1613 turns).

vatarom the Sneak (Vine Stalker Assassin)           Turns: 1613, Time: 00:03:22

Health: -1/19      AC:  5    Str: 13    XL:     3   Next: 56%
Magic:  2/4        EV: 12    Int: 11    God:
Gold:   13         SH:  0    Dex: 16    Spells: 2/2 levels left

rFire    . . .     SeeInvis .   a - +2 dagger
rCold    . . .     Gourm    .   (no shield)
rNeg     . . .     Faith    .   c - +0 robe
rPois    .         Spirit   +   (no helmet)
rElec    .         Reflect  .   d - +1 cloak
rCorr    .         Harm     .   (no gloves)
MR       .....                  i - +0 pair of boots
Stlth    +++.......             (no amulet)
Regen    0.1/turn               (no ring)
MPRegen  0.1/turn               (no ring)

@: lethally poisoned (-1 -> -25)
A: fangs 2, magic shield, antimagic bite, no potion heal 3, rot immunity
a: no special abilities


You were on level 2 of the Dungeon.
You were not hungry.

You visited 1 branch of the dungeon, and saw 2 of its levels.

You collected 13 gold pieces.

Inventory:

Hand Weapons
 a - a +2 dagger (weapon)
 b - a +0 blowgun
Missiles
 e - 43 poisoned needles
 f - 2 curare-tipped needles
 h - 7 needles of confusion
Armour
 c - a +0 robe (worn)
 d - a +1 cloak (worn)
 i - a +0 pair of boots (worn)
Scrolls
 l - 4 scrolls of teleportation
 m - a scroll of identify
 n - 2 scrolls of magic mapping
 r - 2 scrolls of remove curse
Potions
 j - 3 potions of lignification {unknown}
 p - a potion of heal wounds {unknown}
Comestibles
 g - a bread ration
 k - 2 meat rations
 o - 6 chunks of flesh
 q - a royal jelly


   Skills:
 * Level 2.5 Fighting
 - Level 1.7 Short Blades
 - Level 1.7 Throwing
 * Level 1.8 Dodging
 + Level 5.1 Stealth


You had 2 spell levels left.
You didn't know any spells.

Dungeon Overview and Level Annotations

Branches:
Dungeon (2/15)

Altars:


Innate Abilities, Weirdness & Mutations

You have extremely sharp teeth.
When hurt, damage is shared between your health and your magic reserves.
Your bite disrupts and absorbs the magic of your enemies.
Potions cannot restore your health.
You are immune to rotting.


Message History

You feel sick. The kobold hits you but does no damage.
You are more poisoned.
You closely miss the kobold. You bite the kobold, but do no damage.
The kobold is moderately wounded.
* * * LOW HITPOINT WARNING * * *
You feel sick. The kobold barely misses you.
You miss the kobold. You bite the kobold. You drain its power.
The kobold is moderately wounded.
* * * LOW HITPOINT WARNING * * *
You feel sick. The kobold hits you but does no damage.
You are more poisoned.
You hit the kobold.
The kobold is severely wounded.
* * * LOW HITPOINT WARNING * * *
You feel sick.
The kobold hits you with a dagger of venom.
* * * LOW HITPOINT WARNING * * *
You hit the kobold but do no damage.
The kobold is severely wounded.
You die...

.....# ###### # . #
.###.#### # #######
#.......# #
#.....###.##.##.######
#.....#...##.##.......
#.....K.#.##..........
#....@#...............
#.....##.....##.#####.
#########......)# #.
##.#.##.# #. #.#.##.#
#. #.#.##.# #.
#............
###.###.##### #.# .#


You could see a kobold.

Vanquished Creatures
  4 worms (D:2)
  A leopard gecko (D:1)
  2 ball pythons (D:2)
  3 goblins
  6 hobgoblins
  7 bats
  2 frilled lizards (D:1)
  4 kobolds
  4 rats
33 creatures vanquished.

Notes
Turn   | Place    | Note
-------+----------+-------------------------------------------
     0 | D:1      | vatarom the Vine Stalker Assassin began the quest for the Orb.
     0 | D:1      | Reached XP level 1. HP: 11/11 MP: 2/2
   114 | D:1      | Reached skill level 1 in Dodging
   448 | D:1      | Reached XP level 2. HP: 11/15 MP: 3/3
  1172 | D:2      | Reached XP level 3. HP: 18/18 MP: 4/4
  1191 | D:2      | Reached skill level 5 in Stealth
  1613 | D:2      | Succumbed to a kobold's poison

Skill      XL: |  1  2  3 |
---------------+----------+-----
Dodging        | 1 |  1.8
Fighting       | 2 |  2.5
Stealth        | 5 |  5.1
Short Blades   | |  1.7
Throwing       | |  1.7

Action                   || total
-------------------------++-------
Melee: Dagger            ||   113
       Bite              ||    32
 Fire: Blowgun           ||    13
 Abil: Evoke Berserk Rag ||     1
  Use: Scroll            ||     5
       Potion            ||     1
 Stab: Sleeping          ||     2
  Eat: Chunk             ||     3
Armor: Robe              ||    46
Dodge: Dodged            ||    90
